 Dungeon Crawl Stone Soup version 0.29-a0-334-gb41bcbb86e (webtiles) character file.

Game seed: 1882367990977671353

5 spaghetti the Caller (level 1, 0/15 HPs)
             Began as a Naga Summoner on Apr 14, 2022.
             Slain by a bat (1 damage)
             ... on level 1 of the Dungeon.
             The game lasted 00:00:46 (337 turns).

spaghetti the Caller (Naga Summoner)                 Turns: 337, Time: 00:00:47

Health: 0/15       AC:  1    Str:  8 (10) XL:     1   Next: 80%
Magic:  1/3        EV:  8    Int: 12 (15) God:
Gold:   0          SH:  5    Dex:  8 (11) Spells: 3/4 levels left

rFire   . . .      SeeInvis +   e - +0 short sword {short}
rCold   . . .      Faith    .   j - +0 kite shield
rNeg    . . .      Spirit   .   a - +0 robe
rPois   +          Reflect  .   (no helmet)
rElec   .          Harm     .   (no cloak)
rCorr   .          Rampage  .   (no gloves)
Will    .....                   (no barding)
Stlth   ++........              (no amulet)
HPRegen 0.05/turn               (no ring)
MPRegen 0.08/turn               (no ring)

@: very slow
A: AC +0, large, see invisible, deformed body, poison resistance, slowness 2,
spit poison 1, naga tail 1
a: Spit Poison


You were on level 1 of the Dungeon.
You visited 1 branch of the dungeon, and saw 1 of its levels.


Innate Abilities, Weirdness & Mutations

Your serpentine skin is tough. (AC +0)
You have supernaturally acute eyesight. (SInv)
Armour fits poorly on your strangely shaped body.
Your system is resistant to poisons. (rPois)
You cover ground very slowly.
You can spit poison.
You have a snake-like lower body.


   Skills:
 - Level 1.5 Dodging
 - Level 3.0 Stealth
 + Level 2.2 Spellcasting
 + Level 4.1 Summonings


You had 3 spell levels left.
You knew the following spells:

 Your Spells              Type           Power      Damage    Failure   Level
a - Summon Small Mammal   Summ           44%        N/A       13%         1

Your spell library contained the following spells:

 Spells                   Type           Power      Damage    Failure   Level
 Call Imp                 Summ           11%        N/A       21%         2
 Call Canine Familiar     Summ           11%        N/A       36%         3
 Animate Skeleton         Necr           2%         N/A       58%         1
 Pain                     Necr           4%         1d4       58%         1
 Summon Guardian Golem    Hex/Summ       6%         N/A       67%         3
 Vampiric Draining        Necr           1%         2d6       91%         3
 Summon Lightning Spire   Summ/Air       6%         N/A       97%         4

Inventory:

Hand Weapons
 e - a +0 short sword (weapon) {short}
   (You took it off a kobold on level 1 of the Dungeon)
Missiles
 f - a stone {throwing}
Armour
 a - a +0 robe (worn)
 j - a +0 kite shield (worn)
   (You found it on level 1 of the Dungeon)
Scrolls
 d - a scroll of fear {unknown}
 g - a scroll of amnesia {unknown}
 i - a scroll of identify {unknown}
Potions
 b - 3 potions of magic

Dungeon Overview and Level Annotations

Branches:
Dungeon (1/15)

Altars:

####..##.##≈.#
...'#....##≈.≈
....####.# .≈≈
#...# #.# #≈#
##..# #.#
#.#######
##..#
#.###.......#
#...#
#..##.......#
....#
##..........#
...##
###...rb@..#
####
#....)b†.#
####
#........#
...##
#.......>#
....#
#........#
#...#
#.....$....
##..#
##..........
##..#
#....##.###.
#...# .....#
[#


You could see a bat (ally target), a friendly quokka (summoned) and a friendly
bat (summoned).


Message History

The quokka bites your rat but does no damage.
You continue putting on your +0 kite shield.
The bat hits your rat but does no damage.
Your bat misses the bat. The ball python barely misses you.
Your rat bites the quokka.
The quokka misses your rat.
You continue putting on your +0 kite shield.
Your bat completely misses the quokka.
Your bat misses the bat. The bat barely misses your rat.
The ball python barely misses you.
Your bat misses the quokka.
The bat hits your rat but does no damage.
Your rat misses the quokka. The quokka bites your rat.
Your rat dies!
Your rat's corpse disappears in a puff of smoke!
You finish putting on your +0 kite shield. 😨 HP[-5]
You take 5 damage, and now have 7/15 hp.
MASSIVE DAMAGE!! (PAUSE) Unknown command.
Unknown command.
You hit the ball python.
You kill the ball python!
Your bat barely misses the bat.
The bat barely misses you.
Your bat misses the bat. The bat misses your bat. 😮 HP[+1]
You barely miss the quokka.
Your bat disappears in a puff of smoke!
The bat hits you.
* * * LOW HITPOINT WARNING * * *
The quokka closely misses you. The quokka bites you.
* * * LOW HITPOINT WARNING * * *
The bat hits you.
* * * LOW HITPOINT WARNING * * *
😱 HP[-6]
You take 6 damage, and now have 2/15 hp.
MASSIVE DAMAGE!! (PAUSE) It was a potion of heal wounds.
You feel much better. The bat hits you. You block the quokka's attack.
The kobold barely misses you. 😕 HP[+12]
You regained 12 hp, and now have 14/15 hp.
Casting: Summon Small Mammal (safe; 11% risk of failure)
Confirm with . or Enter, or press ? or * to list all spells.
The bat barely misses you. You block the quokka's attack.
The kobold hits you with a +0 whip. 😮 HP[-5] MP[-1]
You take 5 damage, and now have 9/15 hp.
MASSIVE DAMAGE!! (PAUSE)
You lost 1 mp, and now have 1/3 mp.
Casting: Summon Small Mammal (safe; 11% risk of failure)
Confirm with . or Enter, or press ? or * to list all spells.
The bat barely misses your quokka. You block the quokka's attack.
The bat hits your bat.
Your bat closely misses the bat.
The kobold hits you with a +0 whip. The quokka bites you.
* * * LOW HITPOINT WARNING * * *
😱 HP[-6] MP[-1]
You take 6 damage, and now have 3/15 hp.
MASSIVE DAMAGE!! (PAUSE)
You lost 1 mp, and now have 0/3 mp.
Aiming: Spit Poison (3% risk of failure)
Press: ? - help, Shift-Dir - straight line, f - kobold
Aim: a kobold, wielding a +0 whip (ally target, 43% to hit)
The splash of poison hits the kobold.
The kobold is poisoned.
The bat barely misses your quokka.
Your bat barely misses the bat.
The kobold hits you but does no damage. The quokka bites you.
* * * LOW HITPOINT WARNING * * *
Your quokka bites the kobold.
The kobold dies! 😱 HP[-1]
You take 1 damage, and now have 2/15 hp.
You closely miss the quokka. The bat closely misses your quokka.
The quokka barely misses you. The bat hits your quokka.
Your quokka bites the bat. 😱 MP[+1]
You closely miss the quokka. The bat barely misses your quokka.
Your bat closely misses the bat.
The quokka completely misses you. You block the quokka's attack.
Your quokka bites the bat but does no damage.
You hit the quokka. The bat closely misses your quokka.
The bat hits you but does no damage.
Your bat closely misses the bat.
The bat hits your bat but does no damage.
You block the quokka's attack.
Your quokka closely misses the bat.
You hit the quokka.
You kill the quokka!
Your bat closely misses the bat.
The bat closely misses you.
Your quokka bites the bat but does no damage.
Your quokka completely misses the bat.
A bat is nearby!
Unknown command.
You can't do that yet.
Unknown command.
The bat hits you.
* * * LOW HITPOINT WARNING * * *
Your bat closely misses the bat. 😱 HP[-1]
You take 1 damage, and now have 1/15 hp.
It was a potion of degeneration.
There was something very wrong with that liquid.
You feel weakened.
You feel dopey.
You feel clumsy.
You have got your breath back.
The bat hits you.
You die...

Action                   || total
-------------------------++-------
Melee: Short sword       ||     7
       Unarmed           ||     5
 Cast: Summon Small Mamm ||     6
 Abil: Spit Poison       ||     2
  Use: Potion            ||     2
 Stab: Sleeping          ||     1
Armor: Robe              ||     7
Dodge: Dodged            ||    12
Block: Kite shield       ||     5

Levels and vault maps discovered:
D:1:      minmay_arrival_four_loops, layout_rooms,
          ebering_ecumenical_altar_webs, chequers_serial_rivers_marsh,
          chequers_serial_rivers_small_b

Notes
Turn   | Place    | Note
-------+----------+-------------------------------------------
     0 | D:1      | spaghetti the Naga Summoner began the quest for the Orb.
     0 | D:1      | Reached XP level 1. HP: 15/15 MP: 3/3
     0 | D:1      | magus.rc [v1.9.6]
     6 | D:1      | You pick up a book of Necromancy and begin reading...
     6 | D:1      | You add the spells Pain, Animate Skeleton and Vampiric
                  | Draining to your library.
   327 | D:1      | HP: 3/15 [quokka (4)]
   336 | D:1      | HP: 1/15 [bat (1)]
   337 | D:1      | Slain by a bat

Vanquished Creatures
  A ball python (D:1)
  A kobold (D:1)
  A quokka (D:1)
3 creatures vanquished.

Vanquished Creatures (collateral kills)
  A kobold (D:1)
  A rat (D:1)
2 creatures vanquished.

Grand Total: 5 creatures vanquished

Table legend:
 A = Non-vault XP
 B = Vault XP
 C = Vault XP percentage of total XP
 D = Non-vault monster count
 E = Vault monster count
 F = Vault count percentage of total count
                 A         B        C        D         E       F
            +---------+---------+-------+---------+---------+-------
      Total |       8 |       0 |   0.0 |       5 |       0 |   0.0
            +---------+---------+-------+---------+---------+-------
        D:1 |       8 |       0 |   0.0 |       5 |       0 |   0.0
            +---------+---------+-------+---------+---------+-------

Illustrated notes

Table legend:
 A = Kills in this place as a percentage of kills in entire the game.
 B = Kills by you in this place as a percentage of kills by you in the entire game.
 C = Kills by friends in this place as a percentage of kills by friends in the entire game.
 D = Other kills in this place as a percentage of other kills in the entire game.
 E = Experience gained in this place as a percentage of experience gained in the entire game.
 F = Experience gained in this place divided by the number of levels of this place that you have seen.
                   A       B       C       D       E      F
               +-------+-------+-------+-------+-------+----------------------
         Total | 100.0 | 100.0 | 100.0 |   N/A | 100.0 |   8.0
       Dungeon | 100.0 | 100.0 | 100.0 |   N/A | 100.0 |   8.0
               +-------+-------+-------+-------+-------+----------------------

Table legend: (Time is in decaauts)
 A = Elapsed time spent in this place.
 B = Non-inter-level travel time spent in this place.
 C = Inter-level travel time spent in this place.
 D = Time resting spent in this place.
 E = Time spent auto-exploring this place.
 F = Levels seen in this place.
 G = Mean time per level.
                   A        B        C        D        E       F      G
               +--------+--------+--------+--------+--------+-----+--------+
         Total |    392 |    392 |      0 |     19 |    323 |   1 |  392.0 |
       Dungeon |    392 |    392 |      0 |     19 |    323 |   1 |  392.0 |
               +--------+--------+--------+--------+--------+-----+--------+

Top non-repeatable levels by time:
     D:1: 392 daAuts
